 Dungeon Crawl Stone Soup version 0.30-a0-702-gdf48620a09 (webtiles) character file.

Game seed: 12148012381837760788

3649 flotson the Trooper (level 9, -7/69 HPs)
             Began as a Demonspawn Delver on Jan 22, 2023.
             Was a Follower of Hepliaklqana.
             Mangled by a gargoyle
             ... wielding a +0 morningstar
              (9 damage)
             ... on level 8 of the Dungeon.
             The game lasted 00:18:37 (9390 turns).

flotson the Trooper (Demonspawn Delver)             Turns: 9390, Time: 00:18:38

Health: -7/69      AC: 11    Str: 23    XL:     9   Next: 88%
Magic:  13/13      EV: 14    Int: 12    God:    Hepliaklqana [*.....]
Gold:   285        SH:  0    Dex: 14    Spells: 8/8 levels left

rFire   . . .      SeeInvis .    a - +0 broad axe
rCold   . . .      Faith    .    (no shield)
rNeg    . . .      Spirit   .    o - +0 steam dragon scales
rPois   .          Reflect  .    u - +2 helmet
rElec   .          Harm     .    (no cloak)
rCorr   .          Rampage  .    (no gloves)
Will    .....                    B - +1 pair of boots
Stlth   +++                      (no amulet)
HPRegen 0.31/turn                z - +6 ring of strength
MPRegen 0.13/turn                (no ring)

@: brilliant
A: reduced essence, powered by death 2, robust 1
a: Renounce Religion, Recall Ancestor, Ancestor Identity


You were on level 8 of the Dungeon.
You worshipped Hepliaklqana.
Hepliaklqana was aware of your devotion.
You visited 2 branches of the dungeon, and saw 9 of its levels.

You collected 285 gold pieces.

Inventory:

Hand Weapons
 a - a +0 broad axe (weapon)
Missiles
 p - 2 javelins (quivered)
 s - 3 poisoned darts
Armour
 e - a +1 leather armour of fire resistance
 o - +0 steam dragon scales (worn)
 u - a +2 helmet (worn)
 B - a +1 pair of boots (worn)
Jewellery
 z - a +6 ring of strength (left hand)
Wands
 f - a wand of roots (6)
 g - a wand of digging (3)
 x - a wand of flame (16)
Scrolls
 b - 3 scrolls of brand weapon {unknown}
 c - 2 scrolls of fog
 d - a scroll of magic mapping
 h - 2 scrolls of vulnerability {unknown}
 i - 3 scrolls of teleportation
 j - 3 scrolls of identify {unknown}
 l - a scroll of torment {unknown}
 m - 2 scrolls of enchant armour {unknown}
 q - a scroll of poison {unknown}
 t - a scroll of blinking {unknown}
 y - 2 scrolls of fear
Potions
 k - 2 potions of curing
 n - a potion of mutation
 w - a potion of attraction {unknown}


   Skills:
 + Level 6.0 Fighting
 * Level 5.6 Axes
 + Level 4.4 Throwing
 + Level 4.7 Armour
 + Level 5.2 Dodging
 - Level 5.0 Stealth
 + Level 5.7 Invocations
 + Level 5.2 Evocations


You had 8 spell levels left.
You didn't know any spells.
Your spell library contained the following spells:

 Spells                   Type           Power      Damage    Failure   Level
 Beastly Appendage        Tmut           0%         N/A       32%         1
 Ensorcelled Hibernation  Hex/Ice        0%         N/A       45%         2
 Scorch                   Fire           0%         2d5       45%         2
 Sublimation of Blood     Necr           0%         N/A       45%         2
 Wereblood                Tmut           0%         N/A       45%         2
 Spider Form              Tmut/Pois      0%         N/A       69%         3
 Anguish                  Hex/Necr       0%         N/A       97%         4
 Flame Wave               Conj/Fire      0%         2d4       97%         4
 Petrify                  Tmut/Erth      0%         N/A       97%         4
 Irradiate                Conj/Tmut      0%         3d11      100%        5
 Summon Cactus Giant      Summ           0%         N/A       100%        6
 Chain Lightning          Conj/Air       0%         N/A       100%        9
 Fire Storm               Conj/Fire      0%         5d1       100%        9
 Shatter                  Erth           0%         3d5*      100%        9


Dungeon Overview and Level Annotations

Branches:
Dungeon (8/15)             Temple (1/1) D:5
   Lair: D:8-11

Altars:
Ashenzari
Cheibriados
Dithmenos
Fedhas
Gozag
Hepliaklqana
Kikubaaqudgha
Makhleb
Nemelex Xobeh
Okawaru
Qazlal
Ru
Trog
Uskayaw
Vehumet
Wu Jian
Xom
Yredelemnul

Shops:
D:5 [*=:=

Annotations:
D:4 3 runed translucent doors, Valamore's ghost, amateur DrCj
D:6 Sigmund


Innate Abilities, Weirdness & Mutations

Your life essence is reduced to manifest your ancestor. (-10% HP)
You regenerate health from kills.
You are robust. (+10% HP)


Message History

Press: ? - help, Q - select action, (/) - cycle Shift-Dir - straight line, f/p - gargoyle
Aim: a gargoyle, wielding a +0 morningstar (moderately damaged, 77% to hit)
You throw a javelin.
The javelin pierces through the gargoyle but does no damage.
The gargoyle is moderately damaged.
The gargoyle hurls a stone arrow at you.
The stone arrow hits you!
Throw: 4 javelins
Press: ? - help, Q - select action, (/) - cycle Shift-Dir - straight line, f/p - gargoyle
Aim: a gargoyle, wielding a +0 morningstar (moderately damaged, 77% to hit)
You throw a javelin.
The javelin pierces through the gargoyle but does no damage.
The gargoyle is moderately damaged.
The gargoyle hurls a stone arrow at you.
The stone arrow misses you.
Throw: 3 javelins
Press: ? - help, Q - select action, (/) - cycle Shift-Dir - straight line, f/p - gargoyle
Aim: a gargoyle, wielding a +0 morningstar (moderately damaged, 77% to hit)
You throw a javelin.
The javelin pierces through the gargoyle!
The gargoyle is severely damaged.
You hit the gargoyle but do no damage.
The gargoyle is severely damaged.
The gargoyle hurls a stone arrow at you.
The stone arrow hits you!!
You barely miss the gargoyle.
The gargoyle is severely damaged.
The gargoyle hurls a stone arrow at you.
The stone arrow hits you!!
* * * LOW HITPOINT WARNING * * *
You hit the gargoyle but do no damage.
The gargoyle is heavily damaged.
The gargoyle hurls a stone arrow at you.
The stone arrow misses you.
The gargoyle hits you with a +0 morningstar!
* * * LOW HITPOINT WARNING * * *
It was a potion of brilliance.
You feel clever all of a sudden.
The gargoyle hits you with a +0 morningstar!
You die...

# #)# #.# #.#
.########.# #)#
..........##### #.#
#####.(..)....# #.#
#.##..###.# #.#
###.##).###.### #.#
#.....)........
#.######.###........#
#....)...# #..@.##.##
#.........)###.##9# #
#.########.....# .#
#. #.#.#.# .# .
#.#.#.# .. # #.#....
.. #.###.###(# #.#
#.# (# #.# #.#


You could see a gargoyle.

Vanquished Creatures
  Pikel (D:8)
  A hornet (D:7)
  A steam dragon (D:6)
  A water moccasin (D:5)
  A black bear (D:7)
  3 sky beasts
  4 ogres (D:5)
  2 ice beasts
  A lemure (D:8)
  2 phantoms
  A kobold brigand (D:8)
  A bullfrog (D:6)
  A necrophage (D:5)
  2 scorpions
  5 wights (D:8)
  3 killer bees (D:7)
  A jelly (D:7)
  3 hounds
  Ijyb (D:5)
  6 iguanas
  2 orc wizards
  A gnoll (D:1)
  10 adders
  2 shadow imps
  3 white imps (D:6)
  5 worms
  2 dart slugs
  19 orcs
  14 endoplasms
  3 giant cockroaches (D:1)
  6 goblins
  7 hobgoblins
  2 quokkas
  2 ball pythons (D:4)
  5 bats
  7 frilled lizards
  5 kobolds
  7 rats
143 creatures vanquished.

Vanquished Creatures (collateral kills)
  An orc warrior (D:7)
  A scorpion (D:6)
  A killer bee (D:7)
  2 orc priests (D:8)
  5 orc wizards
  A white imp (D:7)
  An ufetubus (D:7)
  A kobold (D:8)
13 creatures vanquished.

Vanquished Creatures (others)
  An orc wizard (D:7)
  8 ancestors
9 creatures vanquished.

Grand Total: 165 creatures vanquished

Notes
Turn   | Place    | Note
-------+----------+-------------------------------------------
     0 | D:5      | flotson the Demonspawn Delver began the quest for the Orb.
     0 | D:5      | Reached XP level 1. HP: 18/18 MP: 1/1
     9 | D:5      | Noticed an ogre
    73 | D:5      | Found Laidghedi's Assorted Antiques.
   254 | D:3      | Gained mutation: You regenerate a little health from kills.
                  | [demonic ancestry]
   254 | D:3      | Reached XP level 2. HP: 24/24 MP: 2/2
   551 | D:1      | Reached XP level 3. HP: 29/29 MP: 3/3
   657 | D:1      | Reached skill level 1 in Evocations
   815 | D:1      | Reached skill level 1 in Armour
  1619 | D:2      | Reached XP level 4. HP: 22/35 MP: 4/4
  2758 | D:4      | Noticed a scorpion
  2797 | D:4      | Killed a scorpion
  2798 | D:4      | Reached skill level 1 in Throwing
  2798 | D:4      | Reached skill level 5 in Stealth
  2798 | D:4      | Reached XP level 5. HP: 21/41 MP: 5/5
  3224 | D:4      | Found a hide-covered altar of Uskayaw.
  3224 | D:4      | Found a shadowy altar of Dithmenos.
  3231 | D:4      | Found a sparkling altar of Nemelex Xobeh.
  3231 | D:4      | Found a basalt altar of Yredelemnul.
  3232 | D:4      | Found an ornate altar of the Wu Jian Council.
  3234 | D:4      | Found a broken altar of Ashenzari.
  3236 | D:4      | Found a snail-covered altar of Cheibriados.
  3439 | D:4      | Found a runed translucent gate.
  3439 | D:4      | Found a runed translucent gate.
  3444 | D:4      | Found an opulent altar of Gozag.
  3444 | D:4      | Found a runed translucent gate.
  3448 | D:4      | Noticed a black bear
  3455 | D:4      | Noticed Valamore's ghost (amateur DrCj)
  3608 | D:5      | Found a staircase to the Ecumenical Temple.
  3643 | Temple   | Entered the Ecumenical Temple
  3823 | Temple   | Became a worshipper of Hepliaklqana the Forgotten
  3897 | D:5      | Reached XP level 6. HP: 42/48 MP: 6/6
  3901 | D:5      | Reached skill level 4 in Fighting
  3933 | D:5      | Reached skill level 1 in Invocations
  4052 | D:5      | Found Zezosig's Armour Boutique.
  4169 | D:5      | Gained mutation: You regenerate health from kills. [demonic
                  | ancestry]
  4169 | D:5      | Reached XP level 7. HP: 49/54 MP: 8/8
  4211 | D:5      | HP: 2/55 [ogre/+0 giant club (31)]
  4423 | D:5      | Found Plog's Book Shoppe.
  4535 | D:5      | Noticed Ijyb
  4751 | D:6      | Noticed a steam dragon
  4800 | D:5      | Gained mutation: You are robust. (+10% HP) [potion of
                  | mutation]
  4812 | D:5      | Killed Ijyb
  5017 | D:5      | Found Gadourgh's Jewellery Shoppe.
  5059 | D:5      | Found Lauplogo's Jewellery Boutique.
  5187 | D:5      | Reached XP level 8. HP: 23/67 MP: 10/10
  6170 | D:6      | Reached * piety under Hepliaklqana
  6460 | D:6      | Noticed Sigmund
  6524 | D:6      | Reached skill level 5 in Fighting
  7075 | D:7      | Found a blossoming altar of Fedhas.
  7699 | D:7      | Reached XP level 9. HP: 68/68 MP: 12/12
  8658 | D:7      | Paralysed by a hornet for 2 turns
  8663 | D:7      | Reached skill level 5 in Invocations
  8877 | D:8      | Reached skill level 5 in Axes
  8924 | D:8      | Noticed Pikel
  8944 | D:8      | Killed Pikel
  8945 | D:8      | Reached skill level 5 in Dodging
  8945 | D:8      | Reached skill level 5 in Evocations
  9133 | D:8      | Reached skill level 6 in Fighting
  9380 | D:8      | Noticed a gargoyle
  9389 | D:8      | HP: 1/69 [gargoyle/+0 morningstar (10)]
  9390 | D:8      | Mangled by a gargoyle

Illustrated notes

Levels and vault maps discovered:
D:1:      dpeg_arrival_boxes_within_box, layout_basic
D:2:      layout_basic, kennysheep_cluttered_room, st_stairs_1
D:3:      layout_loops_cross, nrook_mini_backslash, grunt_decor_one_mirror,
          kennysheep_generic_room_10
D:4:      layout_loops_cross, minitemple, ebering_ghost_gozag
D:5:      layout_basic, minmay_temple_entry_glass, serial_shops,
          nicolae_shop_stone, shop, nicolae_shop_crystal,
          nicolae_shop_temple_entry_statues_fountains,
          nicolae_shop_advertising_works [nicolae_subvault_shop_adworks],
          minivault_19, serial_park_tiny_pond, minmay_misc_feat_rugged,
          hangedman_minor_gate_pass, uniq_ijyb
D:6:      layout_loops_corners, uniq_sigmund
D:7:      minmay_s_stair_smasher, layout_loops_ring, fedhas_ov_isle_minmay
D:8:      layout_loops_ring, st_stairs_13, uniq_pikel
Temple:   hellmonk_temple_forest_ring

Skill      XL: |  1  2  3  4  5  6  7  8  9 |
---------------+----------------------------+-----
Axes           | 2 4 5 |  5.6
Dodging        | 2 3 4 5 |  5.2
Evocations     | 1 2 3 4 5 |  5.2
Armour         | 1 2 3 4 |  4.7
Throwing       | 1 2 3 4 |  4.4
Stealth        | 5 |  5.0
Fighting       | 4 5 6 |  6.0
Invocations    | 2 3 4 5 |  5.7

Action                   |  1- 3 |  4- 6 |  7- 9 || total
-------------------------+-------+-------+-------++-------
Melee: Hand axe          |    97 |   131 |    40 ||   268
       War axe           |     1 |       |   167 ||   168
       Punch             |     2 |     1 |     1 ||     4
       Broad axe         |       |       |    74 ||    74
Throw: Dart              |     3 |     3 |     8 ||    14
       Javelin           |       |     8 |    42 ||    50
       Boomerang         |       |       |    75 ||    75
Invok: Recall Ancestor   |       |       |     1 ||     1
  Use: Scroll            |     1 |       |     2 ||     3
       Potion            |       |     1 |    12 ||    13
 Stab: Sleeping          |    14 |    12 |     3 ||    29
       Distracted        |       |     1 |       ||     1
Armor: Leather armour    |    17 |    14 |    14 ||    45
       Ring mail         |       |    14 |     1 ||    15
       Skin              |       |       |     7 ||     7
       Steam dragon scal |       |       |    72 ||    72
Dodge: Dodged            |    34 |    92 |   231 ||   357

Table legend: (Time is in decaauts)
 A = Elapsed time spent in this place.
 B = Non-inter-level travel time spent in this place.
 C = Inter-level travel time spent in this place.
 D = Time resting spent in this place.
 E = Time spent auto-exploring this place.
 F = Levels seen in this place.
 G = Mean time per level.
                   A        B        C        D        E       F      G
               +--------+--------+--------+--------+--------+-----+--------+
         Total |   9507 |   9061 |    446 |    864 |   6380 |   9 | 1056.3 |
       Dungeon |   9316 |   8881 |    435 |    864 |   6227 |   8 | 1164.5 |
        Temple |    191 |    180 |     11 |      0 |    153 |   1 |  191.0 |
               +--------+--------+--------+--------+--------+-----+--------+

Top non-repeatable levels by time:
     D:5: 1929 daAuts
     D:6: 1651 daAuts
     D:7: 1502 daAuts
     D:2: 1106 daAuts
     D:4: 1067 daAuts
     D:3: 854 daAuts
     D:1: 619 daAuts
     D:8: 584 daAuts
  Temple: 191 daAuts
